 Dungeon Crawl Stone Soup version 0.24.1 (webtiles) character file.

Game seed: 1855347219555628265, levelgen mode: deterministic

67 Descartes the Gusty (level 4, -2/24 HPs)
             Began as a Deep Elf Air Elementalist on Apr 6, 2020.
             Slain by a gnoll
             ... wielding a +0 spear
              (5 damage)
             ... on level 3 of the Dungeon.
             The game lasted 00:04:24 (2066 turns).

Descartes the Gusty (Deep Elf Air Elementalist)     Turns: 2066, Time: 00:04:24

Health: -2/24      AC:  3    Str:  5    XL:     4   Next: 0%
Magic:  5/11       EV: 12    Int: 21    God:
Gold:   34         SH:  0    Dex: 15    Spells: 9/10 levels left

rFire    + . .     SeeInvis .   f - +1 dagger (flame)
rCold    . . .     Gourm    .   (no shield)
rNeg     + . .     Faith    .   o - +0 leather armour {rF+}
rPois    .         Spirit   .   (no helmet)
rElec    .         Reflect  .   (no cloak)
rCorr    .         Harm     .   (no gloves)
MR       .....                  (no boots)
Stlth    ++........             (no amulet)
HPRegen  0.08/turn              t - ring of positive energy
MPRegen  0.12/turn              (no ring)

@: no status effects
A: no striking features
a: no special abilities


You were on level 3 of the Dungeon.
You were very hungry.

You visited 1 branch of the dungeon, and saw 3 of its levels.

You collected 34 gold pieces.

Inventory:

Hand Weapons
 f - a +1 dagger of flaming (weapon)
 w - a +2 falchion of holy wrath
Missiles
 e - 74 arrows
 h - 69 stones (quivered)
 l - 8 javelins
 p - 22 sling bullets
Armour
 a - a +0 robe
 o - a +0 leather armour of fire resistance (worn)
 v - a +0 shield
Jewellery
 t - a ring of positive energy (left hand)
Scrolls
 b - 3 scrolls of amnesia {unknown}
 d - 3 scrolls of identify {unknown}
 g - 3 scrolls of remove curse {unknown}
 j - 2 scrolls of fog {unknown}
 n - a scroll of teleportation {unknown}
 r - a scroll of random uselessness {unknown}
 u - a scroll of noise {unknown}
 y - a scroll of enchant armour {unknown}
Potions
 i - a potion of brilliance {unknown}
 k - a potion of flight {unknown}
 m - a potion of haste {unknown}
 q - 2 potions of mutation {unknown}
 s - 2 potions of magic {unknown}
 x - a potion of cancellation {unknown}
Comestibles
 c - 5 rations


   Skills:
 + Level 0.1 Armour
 + Level 2.7 Dodging
 + Level 2.9 Stealth
 + Level 0.1 Shields
 + Level 3.6 Spellcasting
 * Level 2.3 Conjurations
 * Level 3.7 Air Magic


You had 9 spell levels left.
You knew the following spells:

 Your Spells              Type           Power        Failure   Level  Hunger
a - Shock                 Conj/Air       ###.         6%          1    None

Your spell library contained the following spells:

 Spells                   Type           Power        Failure   Level  Hunger
 Swiftness                Chrm/Air       ##......     14%         2    ##.....
 Static Discharge         Conj/Air       ###.....     19%         3    ###....
 Airstrike                Air            ###.......   41%         4    ####...
 Lightning Bolt           Conj/Air       ###.......   86%         5    ######.


Dungeon Overview and Level Annotations

Branches:
Dungeon (3/15)

Altars:
Nemelex Xobeh
Sif Muna
Uskayaw
Yredelemnul


Message History

Confirm with . or Enter, or press ? or * to list all spells.
Aiming: Shock (safe; 6% risk of failure)
Press: ? - help, Shift-Dir - straight line, f/p - gnoll
Aim: a gnoll, wielding a -3 halberd (moderately wounded)
The zap hits the gnoll.
The gnoll is heavily wounded.
The gnoll closely misses you.
The gnoll hits you from afar with a +0 spear.
* * * LOW HITPOINT WARNING * * *
Casting: Shock (safe; 6% risk of failure)
Confirm with . or Enter, or press ? or * to list all spells.
Aiming: Shock (safe; 6% risk of failure)
Press: ? - help, Shift-Dir - straight line, f/p - gnoll
Aim: a gnoll, wielding a -3 halberd (heavily wounded)
The zap hits the gnoll.
The gnoll is severely wounded.
The gnoll closely misses you. x2
The gnoll barely misses you.
The gnoll hits you from afar with a +0 spear.
You die...

############
#..........#
#....?.....#
#..........#
#..........#
#..........#
#...<......#
#..!g.@....#
...!..g.......?.
###..รท......####
##.....####
"....?## #...$..#
.(......#
.##......


You could see 2 gnolls.

Vanquished Creatures
  2 gnolls
  An ooze (D:2)
  A worm (D:3)
  7 bats
  A giant cockroach (D:1)
  3 goblins (D:1)
  11 hobgoblins
  A quokka (D:2)
  A ball python (D:2)
  3 frilled lizards
  4 kobolds
  4 rats
39 creatures vanquished.

Notes
Turn   | Place    | Note
-------+----------+-------------------------------------------
     0 | D:1      | Descartes the Deep Elf Air Elementalist began the quest for
                  | the Orb.
     0 | D:1      | Reached XP level 1. HP: 10/10 MP: 6/6
   195 | D:1      | Reached XP level 2. HP: 15/15 MP: 5/8
   873 | D:2      | Found a basalt altar of Yredelemnul.
   873 | D:2      | Found a sparkling altar of Nemelex Xobeh.
   883 | D:2      | Reached XP level 3. HP: 19/19 MP: 4/9
   933 | D:2      | Found a hide-covered altar of Uskayaw.
  1547 | D:2      | Found a shimmering blue altar of Sif Muna.
  1879 | D:2      | Reached XP level 4. HP: 9/24 MP: 5/11
  2066 | D:3      | Slain by a gnoll

Levels and vault maps discovered:
D:1:      lightli_arrival_quake, layout_rooms, minmay_hedge_maze
D:2:      layout_loops_ring, grunt_temple_overflow_open,
          hangedman_decor_peaks_small, led_sif_pool
D:3:      layout_rooms

Skill      XL: |  1  2  3 |
---------------+----------+-----
Conjurations   | 2 |  2.3
Armour         | |  0.1
Dodging        | |  2.7
Stealth        | |  2.9
Shields        | |  0.1
Spellcasting   | |  3.6
Air Magic      | |  3.7

Action                   |  1- 3 |  4- 6 || total
-------------------------+-------+-------++-------
 Cast: Shock             |    85 |     7 ||    92
  Eat: Chunk             |     2 |       ||     2
Armor: Robe              |     2 |       ||     2
       Leather armour    |     2 |       ||     2
Dodge: Dodged            |    15 |     8 ||    23
